 Dungeon Crawl Stone Soup version 0.17.0-26-gececa24 (webtiles) character file.

908 dorian the Firebug (level 8, -9/46 HPs)
             Began as an Octopode Fire Elementalist on Nov 18, 2015.
             Mangled by Vidiiot's ghost (13 damage)
             ... on level 5 of the Dungeon on Nov 19, 2015.
             The game lasted 00:15:33 (5866 turns).

dorian the Firebug (Octopode Fire Elementalist)     Turns: 5866, Time: 00:15:33

Health: -9/46      AC:  1    Str: 12    XL:     8   Next: 8%
Magic:  1/11       EV: 12    Int: 19    God:
Gold:   246        SH:  0    Dex: 13    Spells: 3 memorised, 3 levels left

rFire  . . .     SeeInvis .     l - +1 war axe (elec)
rCold  . . .     Clarity  .     (no shield)
rNeg   . . .     SustAt   .     (helmet restricted)
rPois  +         Gourm    .     h - amulet of resist corrosion
rElec  .         Spirit   .     p - ring of poison resistance
rCorr  +         Warding  .     (no ring)
rMut   .         Stasis   .     (no ring)
MR     .....                    (no ring)
Stlth  +++.......               (no ring)
                                (no ring)
                                (no ring)
                                (no ring)

@: mighty, not resistant to hostile enchantments, fairly stealthy
A: almost no armour, amphibious, 8 rings, constrict 8, camouflage 1, gelatinous
body 1
a: no special abilities


You were on level 5 of the Dungeon.
You were not hungry.

You visited 1 branch of the dungeon, and saw 5 of its levels.

You collected 246 gold pieces.

Inventory:

Hand Weapons
 l - a +1 war axe of electrocution (weapon)
Jewellery
 d - an uncursed ring of loudness
 h - an amulet of resist corrosion (around mantle)
 p - a ring of poison resistance (left tentacle)
Wands
 r - a wand of random effects (5)
Scrolls
 e - a scroll of blinking
 f - a scroll of random uselessness
 g - a scroll of amnesia
 i - 3 scrolls of immolation
 n - a scroll of teleportation {unknown}
 q - a scroll of identify
 s - a scroll of noise {unknown}
 t - a scroll of enchant weapon {unknown}
 u - a scroll of fog {unknown}
Potions
 m - 4 potions of brilliance
 o - 2 potions of curing
Books
 a - a book of Flames

   Spells                             Type                      Level
   a - Flame Tongue                   Conjuration/Fire             1
   b - Throw Flame                    Conjuration/Fire             2
   c - Conjure Flame                  Conjuration/Fire             3
   d - Inner Flame                    Hexes/Fire                   3
   e - Sticky Flame                   Conjuration/Fire             4
   f - Fireball                       Conjuration/Fire             5
Comestibles
 b - 4 bread rations
 j - 2 meat rations


   Skills:
 - Level 2.0 Dodging
 - Level 2.6 Stealth
 - Level 2.0 Spellcasting
 + Level 6.4 Conjurations
 + Level 6.8 Fire Magic


You had 3 spell levels left.
You knew the following spells:

 Your Spells              Type           Power        Failure   Level  Hunger
a - Flame Tongue          Conj/Fire      ####.        1%          1    #......
b - Conjure Flame         Conj/Fire      ####....     3%          3    ###....
c - Sticky Flame          Conj/Fire      ####....     12%         4    #####..


Dungeon Overview and Level Annotations

Branches:
Dungeon (5/15)
 Temple: D:4-7

Altars:
Ashenzari
Cheibriados
Trog

Annotations:
D:4 Menkaure
D:5 Vidiiot's ghost, novice MiMo


Innate Abilities, Weirdness & Mutations

You cannot wear most types of armour.
You are amphibious.
You can wear up to eight rings at the same time.
You can use your tentacles to constrict eight enemies at once.
Your skin changes colour to match your surroundings (Stealth).
Your rubbery body absorbs attacks (AC +1).


Message History

Press: ? - help, Shift-Dir - straight line, f/p - Vidiiot's ghost
Aim: Vidiiot's ghost (almost destroyed) Vidiiot's ghost flickers and vanishes!
Deactivating autopickup; reactivate with Ctrl-A.
Evoking this partially-identified wand wasted a few charges.
Evoke which item? (* to show all) (? for menu, Esc to quit)
Zapping:
r - a wand of random effects {zapped: 19} (will waste charges)
Press: ? - help, Shift-Dir - straight line Evoking this partially-identified wand wasted a few charges.
Drink which item? (? for menu, Esc to quit)
You feel very mighty all of a sudden. Something hits you.
You barely miss something. Something hits you! Something hits you!
You completely miss something. Something hits you.
You completely miss something. Your squeeze misses something.
Something hits you. Something hits you!
* * * LOW HITPOINT WARNING * * *
A crimson imp comes into view.
You closely miss something. Your squeeze misses something. Something hits you!
You die...

# #.# .. ### #.# ... ..#
#.#### ..#. #.# #..... .....
#># #.#### ......###.# #.# #
..W.......# ##########.# #
......##..#######.....<....#
#
.$..###...5...@...########.#
##. #....######### #.#
............... #.###
#.###.########## #...# #.
###.## #. .# #..... #
...##.#.#. #......).
####.#.#.


You could see a crimson imp.

Vanquished Creatures
  The ghost of SaintRoka the Skirmisher, an amateur OgAs (D:3)
  Sigmund (D:2)
  An ogre (D:4)
  A scorpion (D:5)
  5 orc priests
  Terence (D:2)
  3 orc wizards
  2 worker ants (D:4)
  7 adders
  An ooze (D:4)
  2 worms
  12 orcs
  6 bats
  5 giant cockroaches
  13 hobgoblins
  2 quokkas
  3 ball pythons
  A giant gecko (D:2)
  A giant gecko skeleton (D:4)
  5 giant newts
  8 goblins
  17 kobolds
  A quokka skeleton (D:4)
  5 rats
104 creatures vanquished.

Notes
Turn   | Place    | Note
--------------------------------------------------------------
     0 | D:1      | dorian the Octopode Fire Elementalist began the quest for the Orb.
     0 | D:1      | Reached XP level 1. HP: 11/11 MP: 3/3
   379 | D:1      | Reached XP level 2. HP: 15/17 MP: 0/5
   640 | D:1      | Upgraded the game from 0.17.0-25-gefc9c12 to 0.17.0-26-gececa24
  1029 | D:2      | Reached XP level 3. HP: 21/21 MP: 3/6
  1162 | D:2      | Noticed Terence
  1188 | D:2      | Found a snail-covered altar of Cheibriados.
  1416 | D:2      | Noticed Sigmund
  1425 | D:3      | Noticed SaintRoka's ghost (amateur OgAs)
  1509 | D:4      | Found a shattered altar of Ashenzari.
  1711 | D:4      | Reached XP level 4. HP: 27/27 MP: 5/7
  1846 | D:4      | Noticed an ogre
  1847 | D:4      | Noticed Menkaure
  1894 | D:4      | Reached skill level 4 in Fire Magic
  2229 | D:3      | Reached XP level 5. HP: 17/31 MP: 3/8
  2521 | D:3      | Found a bloodstained altar of Trog.
  2856 | D:3      | Found a bloodstained altar of Trog.
  2943 | D:2      | Killed Terence
  3215 | D:3      | Reached XP level 6. HP: 33/36 MP: 4/9
  3518 | D:2      | Learned a level 3 spell: Conjure Flame
  3545 | D:3      | Killed SaintRoka's ghost
  3545 | D:3      | Reached skill level 5 in Fire Magic
  3885 | D:3      | Reached skill level 5 in Conjurations
  4205 | D:2      | Killed Sigmund
  4205 | D:2      | Reached XP level 7. HP: 3/41 MP: 10/10
  4391 | D:2      | Learned a level 4 spell: Sticky Flame
  4703 | D:2      | Reached skill level 6 in Fire Magic
  5263 | D:5      | Entered Level 5 of the Dungeon
  5403 | D:5      | Reached XP level 8. HP: 29/46 MP: 3/11
  5834 | D:5      | Noticed Vidiiot's ghost (novice MiMo)
  5866 | D:5      | Mangled by Vidiiot's ghost

Action                   |  1- 3 |  4- 6 |  7- 9 || total
-------------------------+-------+-------+-------++-------
Melee: Unarmed           |    22 |       |       ||    22
       War axe           |    10 |    37 |     9 ||    56
 Cast: Flame Tongue      |    56 |    64 |    66 ||   186
       Conjure Flame     |       |     1 |     1 ||     2
       Sticky Flame      |       |       |     2 ||     2
Evoke: Wand              |       |     3 |     5 ||     8
  Use: Potion            |       |     3 |     1 ||     4
       Scroll            |       |       |     6 ||     6
 Stab: Sleeping          |     3 |     3 |       ||     6
  Eat: Chunk             |     3 |     8 |     6 ||    17
       Beef jerky        |       |       |     1 ||     1
